Map: Terrasses de Prion

Players

zidar - Winner!

  • Race: Zerg Zerg
  • League: Silver
  • Spawn Location: 11:00

Ice

  • Race: Terran Terran
  • League: Silver
  • Spawn Location: 5:00

VOD

Have the link to the VOD?

Description

Time

  • Played on: Feb. 16, 2016, 1:01 p.m.
  • Length: 8:54
Show
View Real Time Build Order
Export as new Build Order

zidar Zerg - Winner!

Build Orders: Hatch First, Muta Ling Bane 

Get SALT Encoding   

  12  0:02  Drone  
  13  0:12  Overlord  
  13  0:17  Drone  
  14  0:30  Drone x2  
  14  0:34  Drone  
  17  0:55  Hatchery  
  16  0:57  Drone  
  16  1:00  Extractor  
  16  1:02  Drone  
  17  1:22  Spawning Pool, Drone  
  17  1:30  Drone  
  18  1:33  Drone  
  20  1:47  Drone  
  20  2:11  Hatchery  
  20  2:12  Queen  
  20  2:20  Metabolic Boost  
  20  2:27  Extractor  
  19  2:35  Queen  
  21  2:51  Queen  
  21  2:54  Zergling x4  
  21  2:57  Zergling x2  
  26  3:04  Drone x2  
  28  3:26  Queen  
  30  3:29  Drone x4  
  34  3:48  Extractor  
  34  3:50  Extractor, Drone x2  
  34  3:54  Overlord x2  
  34  4:22  Drone x4  
  38  4:26  Zergling x2  
  38  4:27  Zergling x10  
  44  4:35  Baneling Nest  
  43  4:40  Drone  
  43  4:43  Drone  
  45  4:57  Drone x3  
  48  5:00  Drone x2  
  48  5:03  Overlord  
  50  5:13  Lair  
  50  5:28  Zergling x12  
  56  5:38  Evolution Chamber  
  56  5:41  Evolution Chamber, Baneling x2  
  56  5:42  Baneling x2  
  54  5:47  Drone  
  50  6:07  Drone  
  50  6:34  Centrifical Hooks  
  50  6:36  Spire  
  49  6:45  Zergling x8  
  53  6:49  Baneling x5  
  53  6:54  Queen  
  55  7:05  Overlord  
  55  7:06  Overlord x3  
  55  7:26  Drone x3  
  58  7:31  Drone x3  
  61  7:39  Drone x5  
  61  7:41  Drone  
  67  7:52  Mutalisk x2  
  67  7:53  Mutalisk  
  67  7:57  Mutalisk  
  75  8:08  Mutalisk  
  75  8:09  Mutalisk  
  75  8:10  Mutalisk  
  81  8:14  Overlord x2  
Show
View Real Time Build Order
Export as new Build Order

Ice Terran 

Build Orders:  

Get SALT Encoding   

  12  0:01  SCV  
  13  0:13  SCV  
  14  0:23  Supply Depot  
  14  0:25  SCV  
  15  0:31  Refinery  
  15  0:48  Barracks, SCV  
  16  1:00  SCV  
  17  1:12  SCV  
  18  1:35  Command Center  
  18  1:38  Marine  
  19  1:48  Orbital Command  
  19  1:59  Marine  
  20  2:11  Supply Depot  
  20  2:16  SCV  
  20  2:20  Marine, Factory  
  20  2:22  Refinery  
  22  2:38  Marine  
  23  2:46  Refinery  
  23  2:47  SCV  
  24  2:56  Orbital Command  
  24  2:59  SCV  
  24  3:00  Barracks Reactor  
  25  3:06  Factory Tech Lab  
  25  3:09  Barracks  
  25  3:19  SCV  
  26  3:23  SCV  
  26  3:26  Siege Tank  
  30  3:37  SCV  
  30  3:38  Starport  
  30  3:40  Marine x2  
  33  3:49  SCV  
  34  3:56  SCV  
  34  4:01  SCV  
  36  4:05  Barracks Tech Lab, Supply Depot  
  36  4:06  Marine x2  
  36  4:08  SCV  
  39  4:14  SCV  
  40  4:20  SCV, Medivac  
  40  4:22  Refinery  
  43  4:27  SCV  
  43  4:31  Stimpack  
  44  4:32  Marine x2, Marauder, SCV  
  49  4:39  Siege Tank  
  49  4:45  SCV  
  53  4:52  Marine  
  54  5:13  Supply Depot  
  54  5:18  Supply Depot  
  54  5:22  Engineering Bay  
  54  5:24  Engineering Bay  
  54  5:34  Marine x3, SCV x2  
  59  5:50  Terran Infantry Armor Level 1, Terran Infantry Weapons Level 1  
  59  5:52  Marine x2, Marauder  
  60  6:10  Marine x2  
  62  6:13  Marine  
  63  6:28  Marine x2, SCV  
  63  6:31  Marine  
  66  6:36  Starport Reactor  
  66  6:40  SCV, Supply Depot  
  66  6:42  Supply Depot  
  66  6:45  Marine  
  66  6:46  Combat Shield  
  68  6:47  Marine  
  68  6:49  Marine  
  70  7:01  SCV  
  70  7:03  Marine  
  70  7:05  Marine, Barracks  
  70  7:06  Supply Depot  
  70  7:07  Supply Depot  
  73  7:10  Barracks  
  73  7:13  SCV, Siege Tank  
  77  7:18  Medivac x2  
  81  7:25  SCV  
  81  7:26  Marine x2  
  81  7:29  Marine  
  85  7:38  SCV  
  85  7:44  Marine x2  
  86  7:47  Marine  
  86  7:50  SCV  
  90  7:58  Viking  
  93  8:01  Marine  
  93  8:02  Marine  
  93  8:05  Marine  
  96  8:09  Barracks Tech Lab  
  95  8:13  Barracks Reactor  
  95  8:19  Marine x2  
  95  8:23  Marine  
Tags
 
Add a new tag
Caveats
  • Supply blocks, unpowered buildings, or Contaminate may cause inaccurate times.
  • Supply counts are checked every 10 seconds.